 Dungeon Crawl Stone Soup version 0.26-a0-940-gf7e0b5f775 (webtiles) character file.

Game seed: 11707050226074010221

39365 reriks the Blocker (level 14, 0/111 HPs)
             Began as a Gnoll Fighter on Nov 27, 2020.
             Was the Champion of Qazlal.
             Slain by Rupert
             ... wielding a +3 great mace of protection
              (7 damage)
             ... on level 4 of the Lair of Beasts.
             The game lasted 00:11:34 (16448 turns).

reriks the Blocker (Gnoll Fighter)                 Turns: 16448, Time: 00:11:34

Health: 0/111      AC: 30    Str: 28    XL:     14   Next: 6%
Magic:  26/26      EV: 14    Int: 10    God:    Qazlal [******]
Gold:   1144       SH: 22    Dex: 23    Spells: 30/30 levels left

rFire    + + +     SeeInvis .   u - +10 mace of Defiance {venom, rN+}
rCold    . . .     Faith    .   c - +0 kite shield
rNeg     + . .     Spirit   .   O - +0 plate armour
rPois    +         Reflect  .   t - +2 hat {MR+}
rElec    .         Harm     .   o - +1 cloak
rCorr    .         Rampage  .   r - +1 pair of gloves
MR       ++...                  C - +0 pair of boots of Baddocaxzu {*Corrode rF++} (curse)
Stlth    +.........             S - amulet "Doumoruw" {+Blink Regen+ Stlth+}
HPRegen  0.68/turn              M - ring "Varphoma" {rPois Str+6 Dex+6}
MPRegen  0.20/turn              G - ring of Ytwulaku {rF+ AC+4}

@: protected from physical damage, repel missiles
A: distributed training, fangs 1, strong nose
a: Upheaval, Elemental Force, Disaster Area, Renounce Religion, Evoke Blink


You were on level 4 of the Lair of Beasts.
You worshipped Qazlal.
Qazlal was exalted by your worship.
You visited 3 branches of the dungeon, and saw 17 of its levels.
You also visited: Ice Cave.

You collected 1144 gold pieces.

Inventory:

Hand Weapons
 n - a +2 broad axe of freezing
 u - the +10 mace of Defiance (weapon) {venom, rN+}
   (You found it on level 5 of the Dungeon)

   It poisons the flesh of those it strikes.
   It protects you from negative energy.
 W - the +5 hunting sling of the Smoking Fox {freeze, rElec Dex+8, unknown}
   (You found it on level 11 of the Dungeon)

   It causes projectiles fired from it to freeze those they strike, causing
   extra injury to most foes and up to half again as much damage against
   particularly susceptible opponents.
   They can also slow down cold-blooded creatures.
   It affects your dexterity (+8).
   It insulates you from electricity.
Missiles
 g - 2 silver javelins
Armour
 c - a +0 kite shield (worn)
 o - a +1 cloak (worn)
 r - a +1 pair of gloves (worn)
 t - a +2 hat of magic resistance (worn)
 C - the cursed +0 pair of boots of Baddocaxzu (worn) {*Corrode rF++}
   (You found it on level 6 of the Dungeon)

   It greatly protects you from fire.
   It may corrode you when you take damage.
   It has a curse placed upon it.
 O - a +0 plate armour (worn)
Jewellery
 b - an uncursed ring of wizardry {unknown}
 i - an uncursed ring of protection from cold
 G - the ring of Ytwulaku (right hand) {rF+ AC+4}
   (You took it off a kobold demonologist on level 10 of the Dungeon)

   [ring of protection]

   It affects your AC (+4).
   It protects you from fire.
 K - an uncursed ring of protection from cold
 M - the ring "Varphoma" (left hand) {rPois Str+6 Dex+6}
   (You took it off a centaur warrior on level 10 of the Dungeon)

   [ring of strength]

   It affects your strength (+6).
   It affects your dexterity (+6).
   It protects you from poison.
 P - an uncursed ring of ice {unknown}
 R - the ring of the Leaping Jester {rC+ MR+ Int+4 Stlth-}
   (You took it off a tengu conjurer on level 10 of the Dungeon)

   [ring of attention]

   It affects your intelligence (+4).
   It protects you from cold.
   It affects your resistance to hostile enchantments.
   It makes you less stealthy.
 S - the amulet "Doumoruw" (around neck) {+Blink Regen+ Stlth+}
   (You found it on level 10 of the Dungeon)

   [amulet of regeneration]

   It lets you blink.
   It increases your rate of regeneration.
   It makes you more stealthy.
Wands
 e - a wand of disintegration (13)
 s - a wand of flame (34)
 A - a wand of iceblast (19)
 I - a wand of random effects (22)
 Q - a wand of enslavement (6)
 T - a wand of paralysis (9)
Scrolls
 a - 2 scrolls of amnesia
 h - 2 scrolls of identify
 k - 8 scrolls of teleportation
 y - 5 scrolls of remove curse
 B - a scroll of blinking {unknown}
 E - 2 scrolls of enchant weapon
 F - 2 scrolls of fear
 H - 2 scrolls of magic mapping
 J - 7 scrolls of enchant armour
Potions
 d - a potion of might
 f - 7 potions of curing
 j - 3 potions of lignification
 l - 3 potions of heal wounds
 m - 2 potions of flight
 p - 2 potions of ambrosia
 q - a potion of haste
 v - 4 potions of attraction
 w - a potion of resistance {unknown}
 x - 4 potions of degeneration
 z - 2 potions of mutation
 D - a potion of brilliance
 L - 3 potions of invisibility {unknown}
 V - a potion of berserk rage {unknown}


   Skills:
 + Level 10.9 Fighting
 + Level 8.9 Short Blades
 + Level 8.9 Long Blades
 + Level 10.0 Axes
 + Level 8.9 Maces & Flails
 + Level 8.9 Polearms
 + Level 8.9 Staves
 + Level 8.9 Slings
 + Level 8.9 Bows
 + Level 8.9 Crossbows
 + Level 8.9 Throwing
 + Level 10.9 Armour
 + Level 8.9 Dodging
 + Level 8.9 Stealth
 + Level 10.9 Shields
 + Level 8.9 Unarmed Combat
 + Level 8.9 Spellcasting
 + Level 7.4 Conjurations
 + Level 7.4 Hexes
 + Level 7.4 Summonings
 + Level 7.4 Necromancy
 + Level 7.4 Translocations
 + Level 7.4 Transmutations
 + Level 7.4 Fire Magic
 + Level 7.4 Ice Magic
 + Level 7.4 Air Magic
 + Level 7.4 Earth Magic
 + Level 7.4 Poison Magic
 + Level 9.6 Invocations
 + Level 8.9 Evocations


You had 30 spell levels left.
You didn't know any spells.
Your spell library contained the following spells:

 Spells                   Type           Power        Failure   Level
 Animate Skeleton         Necr           ###...       10%         1
 Apportation              Tloc           ###...       10%         1
 Corona                   Hex            ###....      10%         1
 Foxfire                  Conj/Fire      ###.         10%         1
 Sandblast                Erth           ###...       10%         1
 Shock                    Conj/Air       ###.         10%         1
 Summon Small Mammal      Summ           ###.         10%         1
 Call Imp                 Summ           ###.....     14%         2
 Passwall                 Tmut/Erth      ###.....     14%         2
 Swiftness                Air            ###.....     14%         2
 Call Canine Familiar     Summ           ###.....     28%         3
 Conjure Flame            Conj/Fire      ###.....     28%         3
 Inner Flame              Hex/Fire       ###.....     28%         3
 Lesser Beckoning         Tloc           ###.......   28%         3
 Static Discharge         Conj/Air       ###.....     28%         3
 Stone Arrow              Conj/Erth      ###...       28%         3
 Summon Guardian Golem    Hex/Summ       ###.....     28%         3
 Tukima's Dance           Hex            ###.....     28%         3
 Airstrike                Air            ###.......   67%         4
 Ice Form                 Ice/Tmut       ###.....     67%         4
 Petrify                  Tmut/Erth      ###.....     67%         4
 Sticky Flame             Conj/Fire      ###.....     67%         4
 Summon Ice Beast         Ice/Summ       ###.....     67%         4
 Summon Lightning Spire   Summ/Air       ###.....     67%         4
 Alistair's Intoxication  Tmut/Pois      ###......    95%         5
 Fireball                 Conj/Fire      ###.......   95%         5
 Irradiate                Conj/Tmut      ###.......   95%         5
 Lee's Rapid Deconstruct  Erth           ###.......   95%         5
 Lightning Bolt           Conj/Air       ###.......   95%         5
 Metabolic Englaciation   Hex/Ice        ###.......   95%         5
 Freezing Cloud           Conj/Ice/Air   ###.......   100%        6
 Hydra Form               Tmut           ###.......   100%        6
 Invisibility             Hex            ###.....     100%        6
 Ozocubu's Refrigeration  Ice            ###.......   100%        6
 Simulacrum               Ice/Necr       ###.......   100%        6
 Statue Form              Tmut/Erth      ###......    100%        6
 Dragon Form              Tmut           ###.......   100%        7


Dungeon Overview and Level Annotations

Branches:
Dungeon (12/15)            Temple (1/1) D:5            Lair (4/6) D:11
 Shoals (0/4) Lair:3       Spider (0/4) Lair:3          Orc (0/2) D:11
  IceCv (visited)

Altars:
Ashenzari
Cheibriados
Dithmenos
Elyvilon
Fedhas
Gozag
Hepliaklqana
Kikubaaqudgha
Makhleb
Nemelex Xobeh
Okawaru
Qazlal
Ru
Sif Muna
Trog
Uskayaw
Vehumet
Wu Jian
Xom
Yredelemnul
Zin
The Shining One

Annotations:
Lair:4 Rupert


Innate Abilities, Weirdness & Mutations

Your experience applies equally to all skills.
You have very sharp teeth.
Your uncanny sense of smell can sniff out nearby items.


Message History

Rupert hits you with a +3 great mace of protection!
* * * LOW HITPOINT WARNING * * *
You feel more protected from physical attacks.
You hit Rupert.
Rupert looks as sick as possible!
You bite Rupert, but do no damage.
Rupert is severely wounded.
You hear a bellow!
You block the bullfrog's attack. x2
A yak comes into view.
Rupert hits you with a +3 great mace of protection!
* * * LOW HITPOINT WARNING * * *
The bullfrog hits you.
* * * LOW HITPOINT WARNING * * *
You feel more protected from physical attacks.
The bullfrog hits you but does no damage.
You hit Rupert.
Rupert looks as sick as possible!
Rupert is severely wounded.
You hear a bellow!
Rupert hits you with a +3 great mace of protection!
You die...

Y...........#..
.Y.............
..........!....
...............
..<............
.....°○...?...#.
.......@.○......
......F@F.......
.....§..°○......
.....☼☼°○°......
................
................
.......#........
................
................
PP......<.....#.


You could see Rupert (berserk, extremely poisoned), 2 yaks and 2 bullfrogs.

Vanquished Creatures
  Gastronok (Lair:1)
  A frost giant (IceCv)
  Harold (Lair:1)
  4 hydras
  A centaur warrior (D:10)
  A two-headed ogre (D:10)
  2 death yaks (IceCv)
  Nergalle (Lair:3)
  3 unseen horrors
  An orange crystal statue (D:11)
  2 manticores
  An ugly thing (D:12)
  2 cyclopes
  An ice statue (IceCv)
  A black mamba (Lair:3)
  2 centaur zombies (D:11)
  A gargoyle (D:11)
  5 cane toads
  A kobold demonologist (D:10)
  A rime drake (Lair:1)
  2 komodo dragons (Lair:2)
  5 yaktaurs (D:12)
  A tengu conjurer (D:10)
  3 trolls
  A queen bee (D:10)
  13 polar bears (IceCv)
  A wind drake (Lair:3)
  Prince Ribbit (D:4)
  A hornet (D:10)
  2 shadows
  Sigmund (D:5)
  2 wraiths
  2 wyverns
  30 yaks
  3 vampire mosquitoes (D:12)
  Grum (D:10)
  4 basilisks
  A soldier ant (D:10)
  6 water moccasins
  Duvessa (D:7)
  4 phantoms
  A black bear (Lair:3)
  9 ogres
  7 orc warriors
  4 ice beasts
  25 wolves
  8 centaurs
  A big kobold (D:11)
  19 bullfrogs
  Dowan (D:7)
  A wyvern skeleton (D:9)
  23 killer bees
  2 howler monkeys
  A quasit (D:11)
  5 orc priests
  7 hounds
  3 jellies
  Crazy Yiuf (D:5)
  2 centaur skeletons
  3 bullfrog skeletons
  5 iguanas
  6 hell rats (Lair:3)
  10 orc wizards
  12 worker ants
  A hound zombie (D:9)
  3 gnolls
  A river rat (D:6)
  8 adders
  4 shadow imps
  15 white imps
  2 ufetubi
  An ooze (D:6)
  3 adder skeletons
  3 worms
  2 dart slugs
  5 leopard geckos
  44 orcs
  6 giant cockroaches
  6 goblins
  4 hobgoblins
  7 jackals
  3 quokkas
  7 ball pythons
  7 bats
  5 frilled lizards
  6 kobolds
  A leopard gecko skeleton (D:5)
  A leopard gecko zombie (D:7)
  A quokka zombie (D:6)
  11 rats
  A spectral orc (D:9)
432 creatures vanquished.

Vanquished Creatures (others)
  A wolf (IceCv)
  2 orcs
  9 fungi
  40 plants
52 creatures vanquished.

Grand Total: 484 creatures vanquished

Notes
Turn   | Place    | Note
-------+----------+-------------------------------------------
     0 | D:1      | reriks the Gnoll Fighter began the quest for the Orb.
     0 | D:1      | Reached XP level 1. HP: 23/23 MP: 1/1
   130 | D:1      | Reached XP level 2. HP: 29/29 MP: 2/2
   929 | D:2      | Reached XP level 3. HP: 35/35 MP: 3/3
  1215 | D:2      | Reached skill level 1 in Invocations
  1243 | D:2      | Reached skill level 1 in Short Blades
  1243 | D:2      | Reached skill level 1 in Long Blades
  1243 | D:2      | Reached skill level 1 in Maces & Flails
  1243 | D:2      | Reached skill level 1 in Polearms
  1243 | D:2      | Reached skill level 1 in Staves
  1243 | D:2      | Reached skill level 1 in Slings
  1243 | D:2      | Reached skill level 1 in Bows
  1243 | D:2      | Reached skill level 1 in Crossbows
  1243 | D:2      | Reached skill level 1 in Throwing
  1243 | D:2      | Reached skill level 1 in Dodging
  1243 | D:2      | Reached skill level 1 in Stealth
  1243 | D:2      | Reached skill level 1 in Unarmed Combat
  1243 | D:2      | Reached skill level 1 in Spellcasting
  1243 | D:2      | Reached skill level 1 in Evocations
  1246 | D:2      | Reached XP level 4. HP: 24/41 MP: 5/5
  1640 | D:3      | Reached skill level 1 in Conjurations
  1640 | D:3      | Reached skill level 1 in Hexes
  1640 | D:3      | Reached skill level 1 in Summonings
  1640 | D:3      | Reached skill level 1 in Necromancy
  1640 | D:3      | Reached skill level 1 in Translocations
  1640 | D:3      | Reached skill level 1 in Transmutations
  1640 | D:3      | Reached skill level 1 in Fire Magic
  1640 | D:3      | Reached skill level 1 in Ice Magic
  1640 | D:3      | Reached skill level 1 in Air Magic
  1640 | D:3      | Reached skill level 1 in Earth Magic
  1640 | D:3      | Reached skill level 1 in Poison Magic
  1962 | D:3      | Found a shimmering altar of Xom.
  1971 | D:3      | Reached XP level 5. HP: 46/47 MP: 6/6
  2467 | D:4      | Noticed an ogre
  2478 | D:4      | Killed an ogre
  2479 | D:4      | Reached XP level 6. HP: 32/53 MP: 8/8
  2486 | D:4      | Reached skill level 5 in Axes
  2872 | D:3      | Reached XP level 7. HP: 36/59 MP: 10/10
  3537 | D:4      | Found a broken altar of Ashenzari.
  3537 | D:4      | Found a bloodstained altar of Trog.
  3572 | D:5      | Entered Level 5 of the Dungeon
  3572 | D:5      | Noticed Prince Ribbit
  3583 | D:5      | Noticed Sigmund
  4137 | D:4      | Killed Prince Ribbit
  4138 | D:4      | Reached XP level 8. HP: 43/67 MP: 12/12
  4435 | D:5      | Found a staircase to the Ecumenical Temple.
  4448 | Temple   | Entered the Ecumenical Temple
  4792 | Temple   | Became a worshipper of Qazlal Stormbringer
  4833 | D:5      | Killed Sigmund
  4993 | D:5      | Found a runed translucent door.
  4994 | D:5      | Noticed Crazy Yiuf
  5179 | D:5      | Killed Crazy Yiuf
  5183 | D:5      | Got a warped mace
  5184 | D:5      | Identified the +10 mace of Defiance {venom, rN+} (You found
                  | it on level 5 of the Dungeon)
  5289 | D:6      | Found an opulent altar of Gozag.
  5555 | D:6      | Found an ancient bone altar of Kikubaaqudgha.
  5585 | D:6      | Reached XP level 9. HP: 63/72 MP: 14/14
  5757 | D:6      | Found a glowing drain.
  6051 | D:6      | Got a pair of transparent boots
  6057 | D:6      | Identified the cursed +0 pair of boots of Baddocaxzu
                  | {*Corrode rF++} (You found it on level 6 of the Dungeon)
  6101 | D:7      | Reached * piety under Qazlal
  6287 | D:7      | Found a blossoming altar of Fedhas.
  6390 | D:7      | Noticed Dowan
  6394 | D:7      | Killed Dowan
  6394 | D:7      | Noticed Duvessa
  6399 | D:7      | Killed Duvessa
  6688 | D:7      | Found a sacrificial altar of Ru.
  7171 | D:8      | Reached skill level 5 in Invocations
  7204 | D:8      | Found a sparkling altar of Nemelex Xobeh.
  7438 | D:8      | Reached ** piety under Qazlal
  7722 | D:9      | Reached XP level 10. HP: 69/80 MP: 17/17
  7808 | D:9      | Found a shadowy altar of Dithmenos.
  7833 | D:9      | Found a basalt altar of Yredelemnul.
  7894 | D:9      | Reached skill level 5 in Short Blades
  7894 | D:9      | Reached skill level 5 in Long Blades
  7894 | D:9      | Reached skill level 5 in Maces & Flails
  7894 | D:9      | Reached skill level 5 in Polearms
  7894 | D:9      | Reached skill level 5 in Staves
  7894 | D:9      | Reached skill level 5 in Slings
  7894 | D:9      | Reached skill level 5 in Bows
  7894 | D:9      | Reached skill level 5 in Crossbows
  7894 | D:9      | Reached skill level 5 in Throwing
  7894 | D:9      | Reached skill level 5 in Dodging
  7894 | D:9      | Reached skill level 5 in Stealth
  7894 | D:9      | Reached skill level 5 in Unarmed Combat
  7894 | D:9      | Reached skill level 5 in Spellcasting
  7894 | D:9      | Reached skill level 5 in Evocations
  8918 | D:9      | Found an ornate altar of the Wu Jian Council.
  9293 | D:10     | Entered Level 10 of the Dungeon
  9306 | D:10     | Noticed Grum
  9689 | D:10     | Reached *** piety under Qazlal
  9694 | D:10     | Killed Grum
  9875 | D:10     | Identified the ring of the Leaping Jester {rC+ MR+ Int+4
                  | Stlth-}
  9888 | D:10     | Identified the ring of Ytwulaku {rF+ AC+4}
  9888 | D:10     | Noticed a kobold demonologist
  9899 | D:10     | Noticed a sixfirhy
  9899 | D:10     | Killed an unseen horror
  9900 | D:10     | Reached XP level 11. HP: 82/87 MP: 19/19
 10150 | D:10     | Identified the ring "Varphoma" {rPois Str+6 Dex+6}
 10150 | D:10     | Noticed a centaur warrior
 10157 | D:10     | Killed a centaur warrior
 10158 | D:10     | Reached skill level 5 in Conjurations
 10158 | D:10     | Reached skill level 5 in Hexes
 10158 | D:10     | Reached skill level 5 in Summonings
 10158 | D:10     | Reached skill level 5 in Necromancy
 10158 | D:10     | Reached skill level 5 in Translocations
 10158 | D:10     | Reached skill level 5 in Transmutations
 10158 | D:10     | Reached skill level 5 in Fire Magic
 10158 | D:10     | Reached skill level 5 in Ice Magic
 10158 | D:10     | Reached skill level 5 in Air Magic
 10158 | D:10     | Reached skill level 5 in Earth Magic
 10158 | D:10     | Reached skill level 5 in Poison Magic
 10301 | D:10     | Got a bound iron amulet
 10415 | D:10     | Killed an unseen horror
 10461 | D:10     | Noticed a two-headed ogre
 10469 | D:10     | Killed a two-headed ogre
 10540 | D:10     | Paralysed by a gnoll for 2 turns
 10641 | D:10     | You fall into a shaft and drop 2 floors!
 10646 | D:12     | Noticed a green ugly thing
 10655 | D:12     | Killed a green ugly thing
 10698 | D:12     | Noticed a cyclops
 10704 | D:12     | Killed a cyclops
 10942 | D:12     | Noticed a manticore
 10966 | D:12     | Killed a manticore
 10970 | D:12     | Reached **** piety under Qazlal
 11021 | D:11     | Reached XP level 12. HP: 47/96 MP: 18/22
 11094 | D:11     | Noticed a four-headed hydra
 11102 | D:11     | Killed a four-headed hydra
 11774 | D:11     | Found a staircase to the Lair.
 11847 | D:11     | Found a staircase to the Orcish Mines.
 12111 | D:10     | Reached ***** piety under Qazlal
 12841 | D:11     | Got a twisted hunting sling
 12977 | Lair:1   | Entered Level 1 of the Lair of Beasts
 12999 | Lair:1   | Identified the amulet "Doumoruw" {+Blink Regen+ Stlth+}
                  | (You found it on level 10 of the Dungeon)
 13072 | Lair:1   | Found a frozen archway.
 13103 | IceCv    | Entered an ice cave
 13159 | IceCv    | Reached skill level 10 in Fighting
 13159 | IceCv    | Reached skill level 10 in Armour
 13159 | IceCv    | Reached skill level 10 in Shields
 13455 | IceCv    | Reached XP level 13. HP: 95/103 MP: 24/24
 13845 | IceCv    | Noticed a frost giant
 13864 | IceCv    | Killed a frost giant
 14504 | Lair:1   | Noticed Gastronok
 14518 | Lair:1   | Killed Gastronok
 14551 | Lair:1   | Noticed Harold
 14567 | Lair:1   | Killed Harold
 14667 | Lair:1   | Found an opulent altar of Gozag.
 15643 | Lair:3   | Reached ****** piety under Qazlal
 15732 | Lair:3   | Found a hole to the Spider Nest.
 15894 | Lair:3   | Found a staircase to the Shoals.
 15926 | Lair:3   | Reached XP level 14. HP: 111/111 MP: 26/26
 16243 | Lair:3   | Noticed Nergalle
 16250 | Lair:3   | Killed Nergalle
 16251 | Lair:3   | Reached skill level 10 in Axes
 16430 | Lair:4   | Noticed Rupert
 16448 | Lair:4   | Slain by Rupert

Illustrated notes

Levels and vault maps discovered:
D:1:      dpeg_arrival_oval, layout_basic, serial_co_window_serial,
          co_window_of_opportunity_a, co_window_of_opportunity_a,
          co_window_paths_b, co_window_of_opportunity_a, co_window_paths_a,
          co_window_of_opportunity_c, co_window_of_opportunity_b,
          co_window_corner_cb, co_window_of_opportunity_c,
          co_window_of_opportunity_b, co_window_broadway_a
D:2:      layout_loops_cross
D:3:      layout_loops_ring, xom_teletrap_fun
D:4:      layout_cave_pools, gammafunk_temple_overflow_pools,
          minmay_quadrilaterals
D:5:      layout_rooms, minmay_temple_entry_slanted, corexii_shack,
          uniq_crazy_yiuf_cottage, uniq_sigmund, uniq_prince_ribbit1
D:6:      layout_gridville, kiku_gazebo_pond_becter, nicolae_gozag_seed_capital,
          portal_sewer_entry_e
D:7:      layout_loops_ring, nicolae_ru_the_path_less_chosen, fedhas_altar_3,
          uniq_duvessa
D:8:      layout_basic, nemelex_xobeh_ov_fountains_minmay, serial_aquarium,
          aquarium_bridge_square [aquarium_subvault_window,
          aquarium_subvault_bridge, aquarium_subvault_bridge,
          aquarium_subvault_wall], aquarium_window_2, aquarium_window_2,
          aquarium_view_2f, aquarium_pool_2
D:9:      layout_gridville, yredelemnul_forgotten_temple_becter,
          nicolae_overflow_hidden_temple, grunt_dithmenos_smoke_and_mirrors
D:10:     minmay_the_grid_triangle_9x9_rhombus_thin
          [minmay_the_grid_triangle_9x9_sparse_checkered,
          minmay_the_grid_triangle_9x9_prize_special,
          minmay_the_grid_triangle_9x9_thin_v,
          minmay_the_grid_triangle_9x9_odd_lines], layout_rooms,
          nicolae_looking_at_the_future, uniq_grum
D:11:     layout_roguey, lair_entry_dummy, orc_0_dummy, minmay_statue_bubble
D:12:     layout_layer_cave, minmay_misc_feat_pillars, uniq_snorg
Temple:   minmay_temple_forest_path
Lair:1:   layout_hall_layers, portal_ice_cave_entry_imps, lemuel_centaur_altar,
          uniq_gastronok, uniq_harold
Lair:2:   layout_gridlike, serial_forest, infiniplex_forest_clump_double,
          infiniplex_forest_3_way, infiniplex_forest_fountain,
          infiniplex_forest_end_2, infiniplex_forest_clump_medium,
          infiniplex_forest_straight_2, lemuel_fruit_tree
Lair:3:   layout_layer_cave, minmay_shoals_entry_beasts, spider_nest_entry_webs,
          serial_bayou_shore_a, uniq_nergalle
Lair:4:   layout_hall_layers, uniq_urug, uniq_rupert

Skill      XL: |  1  2  3  4  5  6  7  8  9 10 11 12 13 14 |
---------------+-------------------------------------------+-----
Invocations    | 1 2 3 4 5 6 7 8 9 |  9.6
Short Blades   | 1 2 3 4 5 6 7 8 |  8.9
Long Blades    | 1 2 3 4 5 6 7 8 |  8.9
Maces & Flails | 1 2 3 4 5 6 7 8 |  8.9
Polearms       | 1 2 3 4 5 6 7 8 |  8.9
Staves         | 1 2 3 4 5 6 7 8 |  8.9
Slings         | 1 2 3 4 5 6 7 8 |  8.9
Bows           | 1 2 3 4 5 6 7 8 |  8.9
Crossbows      | 1 2 3 4 5 6 7 8 |  8.9
Throwing       | 1 2 3 4 5 6 7 8 |  8.9
Dodging        | 1 2 3 4 5 6 7 8 |  8.9
Stealth        | 1 2 3 4 5 6 7 8 |  8.9
Unarmed Combat | 1 2 3 4 5 6 7 8 |  8.9
Spellcasting   | 1 2 3 4 5 6 7 8 |  8.9
Evocations     | 1 2 3 4 5 6 7 8 |  8.9
Conjurations   | 1 2 3 4 5 6 7 |  7.4
Hexes          | 1 2 3 4 5 6 7 |  7.4
Summonings     | 1 2 3 4 5 6 7 |  7.4
Necromancy     | 1 2 3 4 5 6 7 |  7.4
Translocations | 1 2 3 4 5 6 7 |  7.4
Transmutations | 1 2 3 4 5 6 7 |  7.4
Fire Magic     | 1 2 3 4 5 6 7 |  7.4
Ice Magic      | 1 2 3 4 5 6 7 |  7.4
Air Magic      | 1 2 3 4 5 6 7 |  7.4
Earth Magic    | 1 2 3 4 5 6 7 |  7.4
Poison Magic   | 1 2 3 4 5 6 7 |  7.4
Axes           | 5 6 7 8 9 10 | 10.0
Fighting       | 7 8 9 10 | 10.9
Armour         | 7 8 9 10 | 10.9
Shields        | 7 8 9 10 | 10.9

Action                   |  1- 3 |  4- 6 |  7- 9 | 10-12 | 13-15 || total
-------------------------+-------+-------+-------+-------+-------++-------
Melee: War axe           |    73 |       |       |       |       ||    73
       Bite              |     2 |    14 |    49 |   100 |    77 ||   242
       Flail             |       |   110 |   129 |       |       ||   239
       Mace              |       |       |   178 |   547 |   336 ||  1061
  Use: Scroll            |       |       |    12 |    10 |       ||    22
       Potion            |       |       |     1 |       |       ||     1
Armor: Scale mail        |    28 |    51 |   135 |     3 |       ||   217
       Plate armour      |       |       |       |   326 |   106 ||   432
Dodge: Dodged            |    17 |    47 |   145 |   238 |   115 ||   562
       Repelled          |       |       |       |     6 |     5 ||    11
Block: Kite shield       |    43 |    71 |   215 |   682 |   379 ||  1390

Table legend: (Time is in decaauts)
 A = Elapsed time spent in this place.
 B = Non-inter-level travel time spent in this place.
 C = Inter-level travel time spent in this place.
 D = Time resting spent in this place.
 E = Time spent auto-exploring this place.
 F = Levels seen in this place.
 G = Mean time per level.
                   A        B        C        D        E       F      G
               +--------+--------+--------+--------+--------+-----+--------+
         Total |  16706 |  15905 |    801 |   3427 |   9421 |  18 |  928.1 |
       Dungeon |  12830 |  12166 |    664 |   3159 |   6857 |  12 | 1069.2 |
        Temple |    371 |    348 |     23 |      0 |    342 |   1 |  371.0 |
          Lair |   2204 |   2090 |    114 |      0 |   1638 |   4 |  551.0 |
      Ice Cave |   1300 |   1300 |      0 |    268 |    584 |   1 | 1300.0 |
               +--------+--------+--------+--------+--------+-----+--------+

Top non-repeatable levels by time:
     D:9: 1714 daAuts
    D:10: 1622 daAuts
     D:4: 1487 daAuts
     D:3: 1402 daAuts
    D:11: 1368 daAuts
   IceCv: 1300 daAuts
     D:1: 915 daAuts
     D:6: 911 daAuts
     D:8: 888 daAuts
     D:7: 829 daAuts
  Lair:3: 822 daAuts
     D:2: 713 daAuts
  Lair:1: 704 daAuts
  Lair:2: 655 daAuts
     D:5: 596 daAuts
